[Event "13th Rheinland-Pfalz-Open 2023"]
[Site "Neuwied-Engers"]
[Date "2023.06.09"]
[Round "3.5"]
[White "Weber, Samuel"]
[Black "Grzeca, Pascal"]
[Result "1-0"]
[Annotator "TA"]
[ECO "B10"]
[WhiteElo "2296"]
[BlackElo "2089"]
[PlyCount "31"]
[EventDate "2023.01.12"]
[EventType "swiss"]
[EventCountry "GER"]
[SourceTitle "playchess.com"]
[Source "ChessBase"]
[SourceQuality "1"]
[TimeControl "40/5400+30:1800+30"]

1. e4 c6 2. d3 d5 3. Nd2 e5 4. Ngf3 Bd6 5. d4 exd4 6. Bd3 {[%emt 0:00:04] B10: Caro-Kann: 2 d3 and 2 c4.} dxe4 ({Black should play} 6... Ne7 $11) 7. Nxe4 $14 Nf6 {[%emt 0:00:57] [#]} 8. O-O $146 {[%emt 0:18:16] [#] Threatens to win with Re1. White has an edge.} ({Predecessor:} 8. Nxf6+ Qxf6 9. O-O Bg4 10. Re1+ Kf8 11. Bg5 Bxf3 12. Qd2 Bf4 13. Bxf4 {1-0 Velikanov,A (2328)-Spalir,J (2390) Budapest FS03 GM 2021 (7)}) 8... O-O (8... Be7 $11 {remains equal.}) 9. Nfg5 ({Much worse is} 9. Nxd4 Nxe4 10. Bxe4 Bxh2+ 11. Kxh2 Qh4+ 12. Kg1 Qxe4 $15) (9. Nxf6+ $16 Qxf6 10. Bg5 {[%mdl 64] Deflection}) 9... h6 (9... Nxe4 {simplifies} 10. Nxe4 Be7 11. Qh5 Nd7) 10. Nxf6+ Qxf6 11. Nh7 Bxh2+ {[%emt 0:01:13][%mdl 64] Decoy} 12. Kxh2 Qh4+ 13. Kg1 Rd8 {[%emt 0:05:27] [#]} ({Black should try} 13... Re8 $14) 14. Re1 $1 $18 {[%emt 0:04:27] aiming for Re4.} Bg4 15. f3 Bh5 (15... Be6 16. Re4 Qh5) 16. Re4 {[%emt 0:58:01] Weighted Error Value: White=0.09 (flawless) /Black=0.88} 1-0

[Event "13th Rheinland-Pfalz-Open 2023"]
[Site "Neuwied-Engers"]
[Date "2023.06.09"]
[Round "3.6"]
[White "Barthel, Ansgar"]
[Black "Stillger, Bernhard"]
[Result "0-1"]
[Annotator "TA"]
[ECO "B19"]
[WhiteElo "2081"]
[BlackElo "2289"]
[PlyCount "130"]
[EventDate "2023.01.12"]
[EventType "swiss"]
[EventCountry "GER"]
[SourceTitle "playchess.com"]
[Source "ChessBase"]
[SourceQuality "1"]
[TimeControl "40/5400+30:1800+30"]

1. e4 c6 2. d4 d5 3. Nc3 dxe4 4. Nxe4 Bf5 5. Ng3 Bg6 6. h4 h6 7. Nf3 Nd7 8. h5 Bh7 9. Bd3 Bxd3 10. Qxd3 e6 11. Bd2 Ngf6 12. O-O-O Be7 13. Ne4 Nxe4 14. Qxe4 Nf6 15. Qe2 Qd5 16. c4 Qe4 17. Qxe4 {[%emt 0:00:04] B19: Classical Caro-Kann: 4...Bf5 main line.} Nxe4 18. Be3 f5 19. Rhe1 {[%emt 0:00:00] The position is equal.} O-O {[%emt 0:00:09] ...f4 is the strong threat.} 20. Re2 Rad8 21. Kc2 Rfe8 22. Bf4 Bd6 {[%emt 0:03:40] [#]} 23. Be3 $146 ({Predecessor:} 23. Bxd6 Rxd6 24. Rd3 Nf6 25. c5 Rd5 {½-½ Martello,J (2422)-Barlow,J (2450) ICCF izt 05 email 2008 [4]}) 23... Nf6 24. Rh1 $1 Bb8 25. Rh4 Ng4 26. Bd2 a6 27. Bc3 Bd6 28. Rh1 Kf7 29. Ne5+ Nxe5 30. dxe5 Bc5 31. Rd1 (31. a4 $142) 31... Rxd1 $11 32. Kxd1 {[%emt 0:00:00][%mdl 4096] Endgame KRB-KRB} Rd8+ 33. Kc2 g6 34. hxg6+ Kxg6 35. f3 f4 36. Re1 Bf2 37. Re2 Bc5 38. Re1 $1 h5 39. Rh1 Bf2 40. Bd2 Be3 41. Bc3 Rd7 42. b3 Rd8 43. Ba5 b6 44. Bc3 Rd7 45. a4 Rd8 (45... Kh6 $5 46. Re1 Rg7 $15) 46. Bb4 c5 47. Bc3 a5 48. Rh3 (48. Rd1 $1 $15 Rxd1 49. Kxd1) 48... Bd4 $17 {[%emt 0:00:00] [#] White must now prevent ...Bxc3. Black is more active.} 49. Bxd4 {[%emt 0:00:00][%mdl 8192] This move loses the game for White.} (49. Bd2 $17 {is tougher.}) 49... Rxd4 {[%emt 0:00:00] KR-KR} 50. Rh1 Kg5 51. Kc3 Rd7 52. Kc2 h4 53. Kc3 Rh7 54. Rd1 (54. Kd2 {was worth a try.} Kf5 55. Ke2) 54... Kf5 55. Rd8 $2 (55. Rh1 {only move.} Kxe5 56. Kd3) 55... Kxe5 $19 {[%emt 0:00:14] [#] Threatens to win with ...h3.} 56. Rb8 (56. Rd2 $142 Rg7 57. Kb2) 56... h3 57. gxh3 Rxh3 58. Rxb6 Rxf3+ 59. Kd2 Kf5 60. Rb5 e5 61. Rxa5 Rxb3 62. Rxc5 Ra3 63. Ra5 Ke4 (63... f3 $142 64. c5 Ke4) 64. c5 Ra2+ 65. Ke1 Ke3 {[%emt 0:01:01] Weighted Error Value: White=0.87/Black=0.30} 0-1

[Event "13th Rheinland-Pfalz-Open 2023"]
[Site "Neuwied-Engers"]
[Date "2023.06.09"]
[Round "3.7"]
[White "Ollenberger, Roland"]
[Black "Begri, Robert"]
[Result "1-0"]
[Annotator "TA"]
[ECO "B14"]
[WhiteElo "2280"]
[BlackElo "2077"]
[PlyCount "51"]
[EventDate "2023.01.12"]
[EventType "swiss"]
[EventCountry "GER"]
[SourceTitle "playchess.com"]
[Source "ChessBase"]
[SourceQuality "1"]
[TimeControl "40/5400+30:1800+30"]

1. Nf3 Nf6 2. c4 e6 3. Nc3 d5 4. e3 c5 5. cxd5 Nxd5 6. Be2 Nc6 7. O-O Be7 8. d4 cxd4 9. exd4 O-O 10. Re1 b6 11. Bd3 {[%emt 0:01:56] B14: Caro-Kann: Panov-Botvinnik Attack with 5...e6 and 5...g6.} Bb7 12. a3 Rc8 13. Bd2 {[%emt 0:04:30][%cal Bc1d2,Bd2c3,Bc3f6][%mdl 32] The position is equal.} Bf6 {[%emt 0:00:00] [#]} 14. Nxd5 $146 ({Predecessor:} 14. Be3 Nxc3 15. bxc3 Na5 16. Rc1 Qd5 17. Qe2 Nc4 18. h3 Rfd8 19. Red1 h6 20. Ne1 {0-1 Kim,S (2295)-Odegov,A (2286) Titled Tuesday intern op 03rd May Early blitz 2022 (7)}) 14... Qxd5 15. Be4 Qd7 16. Bc3 Rfd8 (16... Ne7 $15) 17. Qb1 $1 $11 h6 {[%emt 0:00:00] [#] Loses the game.} (17... Ne7 $11 {and Black is okay.}) 18. d5 $1 $18 exd5 {[%emt 0:00:00] [#]} (18... Bxc3 19. dxc6) 19. Bh7+ ({Don't take} 19. Bf5 $6 Qd6 $16) 19... Kh8 {[%emt 0:00:00] [#]} 20. Bxf6 ({Resist} 20. Bf5 $6 Qd6 $16) 20... gxf6 21. Bf5 $36 {[%emt 0:00:17][%mdl 2048] Keeping Black busy.} Qc7 (21... Qd6 $142) 22. Bxc8 Qxc8 23. Qc1 Kg7 24. Qf4 {[%emt 0:00:11] aiming for Nh4.} Rg8 $2 (24... d4 25. Rac1 d3) 25. Nh4 {[%emt 0:02:21] Hoping for Nf5+.} Kh7 26. Qxf6 {[%emt 0:00:37] Weighted Error Value: White=0.06 (flawless) /Black=0.47} 1-0

[Event "13th Rheinland-Pfalz-Open 2023"]
[Site "Neuwied-Engers"]
[Date "2023.06.09"]
[Round "3.8"]
[White "Engemann, Till"]
[Black "Ronge, Tim"]
[Result "0-1"]
[Annotator "TA"]
[ECO "E35"]
[WhiteElo "2069"]
[BlackElo "2266"]
[PlyCount "82"]
[EventDate "2023.01.12"]
[EventType "swiss"]
[EventCountry "GER"]
[SourceTitle "playchess.com"]
[Source "ChessBase"]
[SourceQuality "1"]
[TimeControl "40/5400+30:1800+30"]

1. d4 Nf6 2. c4 e6 3. Nc3 Bb4 4. Qc2 d5 5. cxd5 exd5 6. Bg5 h6 7. Bh4 {[%emt 0:00:24] 7.Bh4 is better than 7.Bxf6.} Nc6 {[%emt 0:00:05] E35: Nimzo-Indian: Classical: 4...d5 5 cxd5 exd5.} 8. e3 g5 9. Bg3 h5 {[%emt 0:00:05] The position is equal.} 10. h4 Ne4 11. Bh2 Qe7 12. Bd3 {[%emt 0:21:56][%cal Rd3e4] Black must now prevent Bxe4.} Nxd4 13. exd4 Nxc3+ 14. Kf1 Ne4 {[%emt 0:00:08] [#] ...Nd2+ is the strong threat.} 15. Nf3 $146 {[%emt 0:00:11] Wards off Nd2+} (15. f3 $14 Nd2+ 16. Kf2) ({Predecessor:} 15. f3 Nd2+ 16. Kf2 Nc4 17. Bxc4 dxc4 18. hxg5 Be6 19. Be5 O-O-O 20. Bf6 Qd7 21. Ne2 {½-½ Yu,Y (2729)-Oparin,G (2667) Sharjah Masters 6th 2023 (7)}) 15... g4 $36 {[%emt 0:03:10][%mdl 2048] Black has the initiative.} 16. Ne5 Bf5 {[%emt 0:07:04] ...0-0-0 would be deadly.} (16... Qxh4 $2 17. Qa4+ (17. Qxc7 $2 Qxf2#) 17... c6 18. Bxe4 (18. Qxb4 $2 Qxf2#) 18... dxe4 19. Qxb4 $18) 17. Bf4 $2 {[%emt 0:05:56] [#]} ({Reject} 17. a3 Bd6 18. f3 gxf3 19. gxf3 Bh3+ 20. Ke2 Nc5 $15) (17. f3 $11 {and White has nothing to worry.} gxf3 18. gxf3) 17... f6 $1 $19 18. Bb5+ $2 (18. Nf3 {keeps fighting.}) 18... Kf8 19. Nd3 c6 20. Ba4 Bd6 21. Re1 Re8 {[%emt 0:02:05] And now ...Bxf4 would win.} 22. Qc1 Qd7 23. Bc2 Kg7 24. g3 Re7 {[%emt 0:01:56] Black is much more active.} (24... Be7 $17 25. Kg2 b6) 25. Kg2 $15 Rhe8 26. Bxd6 (26. Re3 $15) 26... Nxd6 $17 ({Inferior is} 26... Qxd6 27. Nf4 $15) 27. Nc5 Qc8 28. Rxe7+ Rxe7 29. Re1 Qe8 (29... Rxe1 $142 30. Qxe1 Kf7 31. Bxf5 Qxf5) 30. Rxe7+ Qxe7 31. Bxf5 Nxf5 {[%emt 0:00:06][%mdl 4096] Endgame KQN-KQN} 32. Qf4 Kg6 33. Qb8 $2 {[%emt 0:03:20][%mdl 8192] [#]} ({Better is} 33. Kf1 $15) 33... b6 $1 $19 ({Stronger than} 33... Nxd4 34. Qg8+ Qg7 35. Qxg7+ Kxg7 36. Nxb7 $17) 34. Qg8+ Qg7 35. Qxg7+ Nxg7 {[%emt 0:00:56] KN-KN} 36. Nb3 Kf5 {[%emt 0:00:11] Black is clearly winning.} 37. f3 gxf3+ 38. Kxf3 Ne6 39. a4 a5 40. g4+ hxg4+ 41. Kg3 Nf4 {[%emt 0:30:16] Weighted Error Value: White=0.60/Black=0.19 (very precise)} 0-1

[Event "13th Rheinland-Pfalz-Open 2023"]
[Site "Neuwied-Engers"]
[Date "2023.06.09"]
[Round "3.9"]
[White "Morlo, Michael"]
[Black "Schmohel, Andreas"]
[Result "1-0"]
[Annotator "TA"]
[ECO "D50"]
[WhiteElo "2262"]
[BlackElo "2068"]
[PlyCount "78"]
[EventDate "2023.01.12"]
[EventType "swiss"]
[EventCountry "GER"]
[SourceTitle "playchess.com"]
[Source "ChessBase"]
[SourceQuality "1"]
[TimeControl "40/5400+30:1800+30"]

1. c4 e6 2. Nc3 d5 3. d4 Nf6 4. Bg5 c5 5. cxd5 cxd4 6. Qa4+ Qd7 7. Qxd4 Nc6 8. Qd2 Nxd5 {[%emt 0:02:16] D50: Queen's Gambit Declined: Dutch-Peruvian Gambit.} 9. a3 h6 10. Bh4 g5 {[%emt 0:04:20] [#] Black is better.} 11. e4 $146 ({Predecessor:} 11. Bg3 Bg7 12. Nxd5 Qxd5 13. Qxd5 exd5 14. O-O-O d4 15. e4 Be6 16. Nf3 O-O 17. Kb1 {½-½ Molvig,H-Pedersen,H Copenhagen Obro op 1989 (7)}) 11... Nxc3 12. Qxc3 {[%emt 0:00:06] And now Rd1 would win.} Qd4 13. Qxd4 Nxd4 14. O-O-O {[%emt 0:00:06] [#] Dodges Nc2} e5 (14... Nb3+ $1 $17 15. Kc2 Nc5) 15. Bg3 $15 f6 16. h4 Be6 (16... g4 $1 $15) 17. Kb1 (17. hxg5 $16 Bb3 18. Rd3) 17... Rg8 18. hxg5 hxg5 19. Ne2 Bc5 20. Rh7 {[%emt 0:08:55] aiming for Nxd4.} Kf8 $2 {[%emt 0:07:25][%mdl 8192] White stays focused until the end.} (20... Bb3 $2 21. Nxd4 (21. Rc1 Ne6 $16) 21... O-O-O 22. Rc1 Rxd4 23. Rxc5+ $18) (20... O-O-O $1 $11 {and Black is okay.} 21. Nxd4 Bxd4) 21. Nxd4 $18 {[%emt 0:01:30][%mdl 64] [#] Deflection. White is clearly winning.} (21. Rxb7 Rg7 22. Rxg7 (22. Nxd4 Bxd4 23. Rxg7 Kxg7 $14) 22... Kxg7 $14) 21... Bxd4 22. Rxd4 {[%emt 0:00:02] Rd6 is the strong threat.} (22. Rxb7 Rg7 23. Rxg7 (23. Ba6 Rxb7 24. Bxb7 Rd8 $14) 23... Kxg7 $14) 22... exd4 (22... Rg7 $142) 23. Bd6+ (23. Rxb7 Rg7 24. Rxg7 Kxg7 $11) 23... Ke8 24. Re7+ (24. Rxb7 Bd7 $14) 24... Kd8 25. Rxe6 Rh8 26. Bb5 ({Weaker is} 26. Rxf6 Rh1 $14) 26... a6 27. Be7+ Kc7 28. Ba4 b5 29. Bb3 d3 30. Kc1 ({Not} 30. Rxf6 Rh1+ 31. Ka2 d2 $16) 30... Kd7 31. Bxf6 Rh2 32. Bxg5 Rxg2 33. Re7+ Kc6 34. Bd5+ Kd6 35. Re6+ Kd7 36. Be3 Rc8+ 37. Kd2 Rc2+ 38. Kxd3 Rxb2 39. Rxa6 Rg6 {[%emt 0:01:52] Weighted Error Value: White=0.25 (precise) /Black=0.61} 1-0

[Event "13th Rheinland-Pfalz-Open 2023"]
[Site "Neuwied-Engers"]
[Date "2023.06.09"]
[Round "3.10"]
[White "Arslan, Ulas"]
[Black "Polster, Christian"]
[Result "0-1"]
[Annotator "TA"]
[ECO "B31"]
[WhiteElo "2058"]
[BlackElo "2250"]
[PlyCount "60"]
[EventDate "2023.01.12"]
[EventType "swiss"]
[EventCountry "GER"]
[SourceTitle "playchess.com"]
[Source "ChessBase"]
[SourceQuality "1"]
[TimeControl "40/5400+30:1800+30"]

1. e4 c5 2. Nf3 Nc6 3. Bb5 g6 4. O-O Bg7 5. c3 e5 6. d3 Nge7 7. Be3 d6 8. Qd2 {[%emt 0:08:04] B31: Sicilian: 2...Nc6 3 Bb5 g6.} O-O 9. a4 {[%emt 0:05:46] [#]} Bg4 $146 (9... Na5 $5 10. Qc2 Qc7 $15) ({Predecessor:} 9... Na5 10. Bc4 a6 11. Ba2 Bd7 12. b4 cxb4 13. cxb4 Nac6 14. a5 Bg4 15. Nh4 Nd4 {1-0 Biro,A (2294)-Farkas,G (2230) HUN-chT2 Charousek 0001 2000 (6)}) 10. Na3 (10. Qe2 $11) 10... Na5 {[%emt 0:20:42] Strongly threatening ...Bxf3.} 11. Rab1 ({Better is} 11. Qd1 $15) 11... a6 $17 12. Bc4 Nxc4 13. Nxc4 b5 14. axb5 axb5 15. Na3 Qd7 (15... Bxf3 $17 16. gxf3 Qd7) 16. Nh4 (16. Ng5 $15) 16... Be6 17. f4 exf4 (17... b4 $5 18. Nc4 exf4 19. Bxf4 Ra2 20. cxb4 (20. Bxd6 $2 {perishes.} Bxc4 21. dxc4 bxc3 $19) 20... d5 21. exd5 Nxd5 $17) 18. Bxf4 d5 19. e5 (19. Nf3 $15) 19... d4 20. c4 bxc4 21. Nxc4 Bxc4 22. dxc4 Nc6 23. Nf3 Rfe8 24. Rbe1 Ra2 (24... Qa7 $17 25. Qd3 Qd7) 25. Rf2 (25. Ng5 $15) 25... Na5 (25... Qe7 $17 26. Qc1 Raa8) 26. Qd3 $15 Qb7 $36 {[%emt 0:00:00][%mdl 2048] Black is more active.} 27. Bc1 ({White should play} 27. Ng5 $15) 27... Qb3 {[%emt 0:00:00] Black is more active.} (27... Nc6 $17 28. e6 Nb4 29. exf7+ Qxf7) 28. Qxb3 (28. Qe4 $1 $15) 28... Nxb3 $17 29. Ng5 (29. Bf4 $17) 29... Nxc1 (29... Rxe5 30. Rxe5 Bxe5 31. Nxf7 Bxh2+ 32. Kxh2 $17) (29... Bxe5 30. Nxf7 Nxc1 31. Nxe5 $15) 30. Rxc1 Bh6 {[%emt 0:00:00] Weighted Error Value: White=0.42/Black=0.27 (precise)} ({Stronger than} 30... Bxe5 31. Nxf7 Bg7 32. Rd1) 0-1

[Event "13th Rheinland-Pfalz-Open 2023"]
[Site "Neuwied-Engers"]
[Date "2023.06.09"]
[Round "4.1"]
[White "Iolis, Oleg"]
[Black "Peng, Li Min"]
[Result "1/2-1/2"]
[Annotator "TA"]
[ECO "C70"]
[WhiteElo "2168"]
[BlackElo "2530"]
[PlyCount "47"]
[EventDate "2023.01.12"]
[EventType "swiss"]
[EventCountry "GER"]
[SourceTitle "playchess.com"]
[Source "ChessBase"]
[SourceQuality "1"]
[TimeControl "40/5400+30:1800+30"]

1. e4 e5 2. Nf3 Nc6 3. Bb5 a6 4. Ba4 b5 5. Bb3 Na5 6. O-O d6 7. d4 exd4 8. Nxd4 Bb7 9. Bd2 $1 {[%emt 0:07:57] 9.Bd2 scores better than 9.c4.} Nxb3 {[%emt 0:00:48] C70: Ruy Lopez: 3...a6 4 Ba4, Norwegian and Delayed Schliemann.} 10. axb3 c5 11. Nf5 {[%emt 0:02:01] Hoping for Ba5.} g6 {[%emt 0:05:44] [#] White is slightly better.} 12. Ba5 $146 ({Predecessor:} 12. Ng3 Bg7 13. Bc3 Nf6 14. b4 c4 15. Re1 O-O 16. f4 Re8 17. Nd2 Qb6+ 18. Kh1 {0-1 Mavridis,A (1065)-Kareklas,K (1126) GRE-ch U10 Porto Rio 2016 (9)}) 12... Qd7 13. Ne3 {[%emt 0:00:29] A dynamic duo of knights.} Nf6 14. Nc3 $36 {[%emt 0:00:46][%mdl 2048] [#] Black must now prevent Ncd5. White has some pressure.} Bg7 15. Ned5 Nxd5 16. Nxd5 Bxd5 17. Qxd5 O-O 18. Rad1 (18. c3 {simplifies} Rae8 19. Rfd1 Re5 20. Qxd6 Qxd6 21. Rxd6 Rxe4 22. Rxa6 Rfe8 23. g3) 18... Rfe8 (18... b4 {simplifies} 19. Qxc5 dxc5 20. Rxd7 Bxb2 21. Rfd1 Rae8) 19. Rfe1 {[%emt 0:00:30] White wants to play e5.} Bxb2 {[%emt 0:37:43] [#]} (19... Qe6 $11 {remains equal.}) 20. c3 {White is more active.} (20. e5 $1 $16) 20... b4 $11 {[%emt 0:00:30] The position is equal.} 21. cxb4 Qb5 22. Qxd6 Bc3 23. Re3 cxb4 24. Bb6 $2 {[%emt 0:00:30][%mdl 40960] Weighted Error Value: White=0.11 (very precise) /Black=0.10 (very precise) . An unexpected result.} (24. Rd5 $11 {and White stays safe.} Re6 25. Qc7) 1/2-1/2

[Event "13th Rheinland-Pfalz-Open 2023"]
[Site "Neuwied-Engers"]
[Date "2023.06.09"]
[Round "4.2"]
[White "Winterberg, Lukas"]
[Black "Bleecke, Sebastian"]
[Result "1-0"]
[Annotator "TA"]
[ECO "D85"]
[WhiteElo "2405"]
[BlackElo "2164"]
[PlyCount "71"]
[EventDate "2023.01.12"]
[EventType "swiss"]
[EventCountry "GER"]
[SourceTitle "playchess.com"]
[Source "ChessBase"]
[SourceQuality "1"]
[TimeControl "40/5400+30:1800+30"]

1. d4 Nf6 2. Nf3 g6 3. c4 Bg7 4. Nc3 d5 5. cxd5 Nxd5 6. e4 Nxc3 7. bxc3 c5 8. Bb5+ {[%emt 0:00:17] 8.h3 is the modern continuation.} Nc6 9. Rb1 {[%emt 0:00:13] D85: Exchange Grünfeld: Unusual White 7th moves and lines with 7 Nf3.} ({Much worse is} 9. dxc5 Bxc3+ 10. Bd2 Bxa1 11. Qxa1 f6 $17) 9... O-O 10. d5 Ne5 11. O-O {[%emt 0:00:12] The position is equal.} a6 12. Be2 Nxf3+ 13. Bxf3 b5 14. Be3 Qd6 15. Qd2 {[%emt 0:01:20] [#]} Rd8 $146 ({Predecessor:} 15... Be5 16. g3 f5 17. exf5 Bxf5 18. Rbd1 Bh3 19. Bg2 Bxg2 20. Kxg2 Rad8 21. Qc2 c4 {0-1 Akobian,V (2614)-Grandelius,N (2661) FIDE World Cup 2021 (2.4)}) 16. Rfd1 Rb8 17. a4 Bd7 18. axb5 axb5 19. Be2 f5 (19... c4 $11) 20. exf5 $16 b4 (20... Be5 $16 {was worth a try.}) 21. cxb4 $18 cxb4 22. Bf4 Be5 23. Bxe5 Qxe5 24. fxg6 ({Weaker is} 24. Rxb4 Rxb4 25. Qxb4 Qxe2 $17) 24... hxg6 25. Bc4 {[%emt 0:01:44] [#] Re1 is the strong threat.} ({Stronger than} 25. Rxb4 Rxb4 26. Qxb4 Qxe2 $17) 25... Qd6 26. Qh6 {[%emt 0:02:30] Threatens to win with Re1.} Bf5 27. Rb2 {[%emt 0:06:11] Strongly threatening Re1.} Rdc8 (27... Qf6 $16 {keeps fighting.}) 28. Bb3 {[%emt 0:01:26] aiming for Re2.} Rc3 29. Re1 {[%emt 0:02:28][%cal Og2g4] And now g4! would win.} Rxb3 $2 (29... Qf6 {is more resistant.} 30. d6+ e6) 30. Rxb3 Qxd5 (30... Qf6 $142 31. Qf4 Qd6) 31. Rbe3 e6 {[%emt 0:00:51] [#]} 32. g4 $1 {[%emt 0:00:19] White mates.} Bc2 (32... Rb7 33. Rh3) 33. Rxe6 b3 34. Re8+ Rxe8 35. Rxe8+ Kf7 36. Qf8# {[%emt 0:00:48] Weighted Error Value: White=0.05 (flawless) /Black=0.66} 1-0

[Event "13th Rheinland-Pfalz-Open 2023"]
[Site "Neuwied-Engers"]
[Date "2023.06.09"]
[Round "4.3"]
[White "Boehme, Sebastian"]
[Black "Weber, Samuel"]
[Result "1-0"]
[Annotator "TA"]
[ECO "B31"]
[WhiteElo "2163"]
[BlackElo "2296"]
[PlyCount "98"]
[EventDate "2023.01.12"]
[EventType "swiss"]
[EventCountry "GER"]
[SourceTitle "playchess.com"]
[Source "ChessBase"]
[SourceQuality "1"]
[TimeControl "40/5400+30:1800+30"]

1. e4 c5 2. Nf3 Nc6 3. Bb5 g6 4. Bxc6 bxc6 5. O-O Bg7 6. Re1 Nf6 {[%emt 0:00:46] 6...Qc7 gains popularity.} 7. c3 {[%emt 0:00:44] B31: Sicilian: 2...Nc6 3 Bb5 g6.} (7. e5 $5 Nd5 8. d4 $11) 7... d6 8. h3 Qc7 9. d4 {[%emt 0:01:17] The position is equal.} cxd4 10. cxd4 O-O 11. Nc3 Nd7 {[%emt 0:01:36] [#]} 12. b3 $146 ({Predecessor:} 12. Bg5 Re8 13. Rc1 Bb7 14. d5 Qa5 15. b4 Qxb4 16. Rb1 Qxc3 17. Rxb7 Nf6 18. Qa4 cxd5 19. exd5 Nxd5 20. Rxa7 {½-½ Bodrozic,T (2349)-Gschnitzer,O (2366) BL2-Sued 2122 2022 (1.5)}) 12... c5 13. Bb2 cxd4 14. Nd5 Qd8 {[%emt 0:01:01] ...e6 would be deadly.} 15. Bxd4 f6 {[%emt 0:17:25] This move loses the game for Black.} ({Black should try} 15... Bb7 $14) 16. Rc1 $18 {[%emt 0:01:51] aiming for Nc7.} Ne5 17. Nxe5 fxe5 18. Be3 {[%emt 0:02:30] Black must now prevent Bg5.} e6 {[%emt 0:02:26] [#]} 19. Qd2 $1 Rf7 20. Bg5 $36 {[%emt 0:03:39][%mdl 2048] Black is under strong pressure.} Qf8 21. Nc7 Rb8 22. Red1 Rb7 23. Qxd6 (23. Na6 $6 Rbd7 $16) 23... h6 {[%emt 0:17:52] Strongly threatening ...Qxd6. Black is weak on the light squares} (23... Rxf2 $2 24. Be7 Rb6 25. Bxf8 $18) 24. Qxf8+ ({Weaker is} 24. Nxe6 Qxd6 25. Rxc8+ (25. Rxd6 Bxe6 26. Rxe6 hxg5 $11) 25... Rf8 26. Rxd6 Rxc8 $16) 24... Bxf8 25. Rd8 Rbxc7 26. Rxc7 Rxc7 27. Bxh6 Kh7 28. Bxf8 {[%emt 0:00:10][%mdl 4096] Endgame KRB-KRB} ({Worse is} 28. Rxf8 Kxh6 29. f3 Rc1+ 30. Kh2 a5 $17) 28... Bb7 29. Bd6 Rc1+ 30. Kh2 Bxe4 31. Bxe5 g5 32. Rd7+ Kg6 33. Rxa7 Bd5 34. Bd4 Rd1 35. Be3 Ra1 36. Rg7+ Kf5 (36... Kxg7 $142 37. Bd4+ (37. Bxg5 $2 {is the wrong capture.} Rxa2 38. Be3 Bxb3 $19) 37... Kh7 38. Bxa1 Kh6) 37. Rxg5+ Ke4 38. Rg4+ Kd3 39. Rd4+ Ke2 40. Rd2+ Kf1 41. g4 Be4 {[%emt 0:30:16] [#]} 42. f3 $1 Bd5 (42... Bb1 43. Kg3) 43. Rf2+ Ke1 44. Rg2 Rd1 45. Rg1+ Ke2 46. Rxd1 Kxd1 47. Kg3 {[%emt 0:01:04] White wants to mate with Bf4.} Ke2 48. Bf4 Bxf3 49. a4 Bc6 {[%emt 0:00:20] Artfully played by Boehme.   Weighted Error Value: White=0.06 (flawless) /Black=0.33} 1-0